 Dungeon Crawl Stone Soup version 0.27-a0-1308-gc08437e49b (webtiles) character file.

Game seed: 5289689422244425507

20241 Orlauf the Basher (level 12, -2/120 HPs)
             Began as a Troll Hunter on June 18, 2021.
             Was a Priest of Okawaru.
             Succumbed to a green ugly thing's poison
             ... on level 11 of the Dungeon.
             The game lasted 00:20:04 (11266 turns).

Orlauf the Basher (Troll Hunter)                   Turns: 11266, Time: 00:20:05

Health: -2/120     AC: 11    Str: 23    XL:     12   Next: 43%
Magic:  3/13       EV:  9    Int:  7    God:    Okawaru [***...]
Gold:   732        SH:  0    Dex: 14    Spells: 11/11 levels left

rFire    . . .     SeeInvis .   a - +1 giant club (venom)
rCold    . . .     Faith    .   (shield currently unavailable)
rNeg     . . .     Spirit   +   d - +1 acid dragon scales
rPois    .         Reflect  .   j - +2 hat
rElec    .         Harm     .   (no cloak)
rCorr    +         Rampage  .   (gloves unavailable)
Will     .....                  (boots unavailable)
Stlth    +.........             b - amulet of guardian spirit
HPRegen  1.30/turn              F - ring of wizardry
MPRegen  0.13/turn              (no ring)

@: lethally poisoned (-2 -> -13)
A: large, unfitting armour, claws 3, regeneration 1, shaggy fur 1, tough skin 1
a: Renounce Religion, Heroism


You were on level 11 of the Dungeon.
You worshipped Okawaru.
Okawaru was most pleased with you.
You visited 2 branches of the dungeon, and saw 13 of its levels.
You also visited: Ossuary.

You collected 1012 gold pieces.
You spent 280 gold pieces at shops.

Inventory:

Hand Weapons
 a - a +1 giant club of venom (weapon)
 x - a +0 flail
Missiles
 c - 6 large rocks (quivered)
 e - 4 javelins
 h - 28 poisoned darts
 m - 212 stones
 C - 3 boomerangs of dispersal
Armour
 d - +1 acid dragon scales (worn)
 j - a +2 hat (worn)
Jewellery
 b - an amulet of guardian spirit (around neck)
 r - an amulet of the acrobat
 F - a ring of wizardry (left claw)
Wands
 y - a wand of flame (18)
 z - a wand of digging (9)
 A - a wand of polymorph (9)
 B - a wand of acid (1)
 D - a wand of charming (5)
Scrolls
 f - 2 scrolls of amnesia
 q - 3 scrolls of immolation
 s - 5 scrolls of teleportation
 t - 2 scrolls of brand weapon
 E - a scroll of holy word
 G - a scroll of enchant armour
 H - a scroll of fog
 I - a scroll of enchant weapon
Potions
 g - 6 potions of curing
 i - 3 potions of haste
 k - 2 potions of magic
 l - a potion of resistance
 n - a potion of invisibility
 o - 4 potions of brilliance
 p - a potion of degeneration {unknown}
 u - 2 potions of heal wounds
 v - 2 potions of lignification
 w - 2 potions of mutation {unknown}
 J - a potion of ambrosia {unknown}


   Skills:
 - Level 8.2 Fighting
 * Level 12.9 Maces & Flails
 + Level 10.2 Throwing
 + Level 2.9 Armour
 - Level 1.5 Dodging
 - Level 0.3 Stealth
 + Level 3.3 Invocations


You had 11 spell levels left.
You didn't know any spells.
Your spell library contained the following spells:

 Spells                   Type           Power      Damage    Failure   Level
 Animate Skeleton         Necr           0%         N/A       22%         1
 Corona                   Hex            0%         N/A       22%         1
 Foxfire                  Conj/Fire      0%         2x1d4     22%         1
 Pain                     Necr           0%         1d4       22%         1
 Ensorcelled Hibernation  Hex/Ice        0%         N/A       32%         2
 Confusing Touch          Hex            0%         N/A       52%         3
 Conjure Flame            Conj/Fire      0%         6-21      52%         3
 Dazzling Flash           Conj/Hex       0%         N/A       52%         3
 Inner Flame              Hex/Fire       0%         N/A       52%         3
 Tukima's Dance           Hex            0%         N/A       52%         3
 Vampiric Draining        Necr           0%         2d6       52%         3
 Animate Dead             Necr           0%         N/A       89%         4
 Sticky Flame             Conj/Fire      0%         2d3       89%         4
 Agony                    Necr           0%         N/A       99%         5
 Fireball                 Conj/Fire      0%         3d3       99%         5
 Borgnjor's Revivificati  Necr           0%         N/A       100%        8
 Infestation              Necr           0%         N/A       100%        8
 Necromutation            Tmut/Necr      0%         N/A       100%        8
 Death's Door             Necr           0%         N/A       100%        9


Dungeon Overview and Level Annotations

Branches:
Dungeon (12/15)            Temple (1/1) D:6            Lair (0/6) D:9
    Orc (0/2) D:11        Ossuary (visited)

Altars:
Ashenzari
Cheibriados
Dithmenos
Elyvilon
Fedhas
Gozag
Hepliaklqana
Kikubaaqudgha
Makhleb
Nemelex Xobeh
Okawaru
Qazlal
Ru
Sif Muna
Trog
Uskayaw
Vehumet
Wu Jian
Xom
Yredelemnul
Zin
The Shining One
Beogh

Shops:
D:6 **   D:8 *   D:10 *   D:11 ??

Annotations:
D:8 1 runed translucent door, jejorda2's ghost, novice MfBe
D:11 2 runed translucent doors, Atlas's ghost, journeyman DsIE


Innate Abilities, Weirdness & Mutations

You are too large for most types of armour.
You have claws for hands.
Your natural rate of healing is unusually fast.
You are covered in fur. (AC +1)
You have tough skin. (AC +1)


Message History

The eight-headed hydra bites you! The green ugly thing misses you.
You barely miss the green ugly thing.
The green ugly thing is severely wounded.
You feel extremely sick.
The eight-headed hydra completely misses you.
The eight-headed hydra bites you but does no damage.
The eight-headed hydra bites you. The eight-headed hydra bites you!
The eight-headed hydra barely misses you.
The eight-headed hydra completely misses you.
The eight-headed hydra closely misses you.
The eight-headed hydra bites you but does no damage.
The green ugly thing barely misses you.
You feel extremely sick.
You feel extremely sick.
You feel better. The green ugly thing claws you!
* * * LOW HITPOINT WARNING * * *
You are poisoned.
The green ugly thing poisons you!
The eight-headed hydra closely misses you.
The eight-headed hydra barely misses you.
The eight-headed hydra bites you.
* * * LOW HITPOINT WARNING * * *
The eight-headed hydra bites you.
* * * LOW HITPOINT WARNING * * *
The eight-headed hydra completely misses you.
The eight-headed hydra bites you but does no damage.
The eight-headed hydra bites you.
* * * LOW HITPOINT WARNING * * *
The eight-headed hydra bites you!
* * * LOW HITPOINT WARNING * * *
Blink to where?
Press: ? - help, Dir - move target, p - green ugly thing
As you read the scroll of blinking, it crumbles to dust.
* * * LOW HITPOINT WARNING * * *
You feel extremely sick.
* * * LOW HITPOINT WARNING * * *
You feel extremely sick.
You climb upwards.
Level annotation: 2 runed translucent doors, Atlas's ghost, journeyman DsIE You die...

#.#(...# #.#.##.#
#.#.##.# #.#....#
#.###..###############
#.# #.................
#.# #..############...
#.# #..#####.....##...
#.# #@.....+.....''...
#.# #..#####.....##...
#.# #..#####.....##..#
#.# ##.##..'.......#..
#.# #.##.##.....#...#
#.####.##.##.......#..
#.#.....#'######.#...#
#.##.###...........#..
#.##.###.........#...#


There were no monsters in sight!

Vanquished Creatures
  A death knight (D:10)
  2 death yaks (D:11)
  A two-headed ogre (D:7)
  A skeletal warrior (D:9)
  Pikel (D:8)
  A cyclops (D:9)
  A manticore (D:12)
  A moth of wrath (D:9)
  Joseph (D:9)
  Maggie (D:6)
  A komodo dragon (D:11)
  2 freezing wraiths (D:9)
  A troll (D:11)
  Prince Ribbit (D:6)
  9 dream sheep (D:11)
  A vampire (D:12)
  3 wraiths
  27 yaks
  6 wyverns
  4 humans (D:11)
  5 steam dragons
  A basilisk (D:9)
  7 water moccasins
  2 black bears
  An ice beast (D:6)
  2 sky beasts (D:5)
  A black bear (shapeshifter) (D:9)
  5 orc warriors
  2 ogres
  3 wolves (D:9)
  2 centaurs
  A lemure (D:8)
  A phantom (D:5)
  A kobold brigand (D:9)
  Blork the orc (D:6)
  2 bullfrogs
  3 gnoll sergeants
  4 scorpions
  15 wights
  2 howler monkeys
  An electric eel (D:9)
  3 centaur zombies
  2 hounds
  A gnoll shaman (D:6)
  A bullfrog skeleton (D:6)
  7 orc priests
  4 iguanas
  2 centaur skeletons
  5 orc wizards
  A scorpion zombie (D:5)
  A hound skeleton (D:4)
  8 mummies (Ossuary)
  10 adders
  23 gnolls
  2 white imps (D:7)
  2 adder skeletons
  2 worms
  3 dart slugs
  33 orcs
  4 bats
  5 endoplasms
  A giant cockroach (D:1)
  A gnoll zombie (D:5)
  6 goblins
  5 hobgoblins
  9 jackals
  9 kobolds
  4 quokkas
  5 ball pythons
  A frilled lizard (D:1)
  A goblin zombie (D:5)
  4 hobgoblin zombies (Ossuary)
  A kobold zombie (Ossuary)
  3 orc zombies (Ossuary)
  5 rats
302 creatures vanquished.

Vanquished Creatures (others)
  A human (D:11)
  7 fungi (D:9)
  20 plants
28 creatures vanquished.

Grand Total: 330 creatures vanquished

Notes
Turn   | Place    | Note
-------+----------+-------------------------------------------
     0 | D:1      | Orlauf the Troll Hunter began the quest for the Orb.
     0 | D:1      | Reached XP level 1. HP: 19/19 MP: 0/0
    12 | D:1      | Noticed a great orb of eyes
    14 | D:1      | Found a faded altar of an unknown god.
    17 | D:1      | Noticed a floating eye
    17 | D:1      | Noticed a floating eye
    17 | D:1      | Noticed a shining eye
    85 | D:1      | Reached XP level 2. HP: 28/28 MP: 1/1
   168 | D:1      | Reached skill level 1 in Maces & Flails
   528 | D:2      | Reached XP level 3. HP: 35/35 MP: 2/2
   649 | D:2      | Reached skill level 2 in Maces & Flails
   649 | D:2      | Reached XP level 4. HP: 13/42 MP: 3/3
  1888 | D:3      | Reached XP level 5. HP: 43/50 MP: 4/4
  2584 | D:4      | Reached skill level 3 in Maces & Flails
  3104 | D:3      | Reached XP level 6. HP: 49/61 MP: 5/5
  3150 | D:4      | Found a burning altar of Makhleb.
  3339 | D:4      | Reached skill level 4 in Maces & Flails
  3459 | D:5      | Entered Level 5 of the Dungeon
  3459 | D:5      | Noticed a sky beast
  3468 | D:5      | Killed a sky beast
  3470 | D:5      | Reached skill level 5 in Throwing
  3470 | D:5      | Reached XP level 7. HP: 62/67 MP: 6/6
  3650 | D:5      | Reached skill level 5 in Maces & Flails
  3711 | D:5      | HP: 2/68 [something (6)]
  3786 | D:5      | Found a sand-covered staircase.
  3799 | Ossuary  | Entered an ossuary
  4207 | D:5      | Reached XP level 8. HP: 78/78 MP: 7/7
  4557 | D:6      | Found a shimmering altar of Xom.
  4607 | D:6      | Noticed Blork the orc
  4619 | D:6      | Reached skill level 6 in Maces & Flails
  4621 | D:6      | Killed Blork the orc
  4711 | D:6      | Found Lilat's Assorted Antiques.
  4722 | D:6      | Found a staircase to the Ecumenical Temple.
  4736 | Temple   | Entered the Ecumenical Temple
  4911 | D:6      | Reached skill level 7 in Maces & Flails
  5197 | D:6      | Reached skill level 5 in Fighting
  5271 | D:6      | Reached XP level 9. HP: 50/88 MP: 8/8
  5359 | D:6      | Noticed Maggie
  5368 | D:6      | Killed Maggie
  5369 | D:6      | Reached skill level 8 in Maces & Flails
  5487 | D:6      | Found Dogoum's Elemental Accessories.
  5817 | D:6      | Noticed Prince Ribbit
  5826 | D:6      | Killed Prince Ribbit
  6199 | D:7      | Reached skill level 9 in Maces & Flails
  6504 | D:7      | Reached XP level 10. HP: 97/98 MP: 7/9
  6651 | D:7      | Found a sacrificial altar of Ru.
  6701 | D:7      | Found a hide-covered altar of Uskayaw.
  6802 | D:7      | Noticed a two-headed ogre
  6807 | D:7      | Killed a two-headed ogre
  7000 | D:8      | Found a glowing silver altar of Zin.
  7031 | D:8      | Noticed Pikel
  7048 | D:8      | Killed Pikel
  7049 | D:8      | Reached skill level 10 in Maces & Flails
  7389 | D:8      | Found Bushra Kyur's General Store.
  7527 | D:8      | Found a runed translucent door.
  7529 | D:8      | Identified the +5 trident "Figot" {vorpal, rPois rN++
                  | Str-3}
  7764 | D:8      | Noticed jejorda2's ghost (novice MfBe)
  7895 | D:9      | Found a hazy altar of Hepliaklqana.
  7924 | D:9      | Noticed Joseph
  7939 | D:9      | Killed Joseph
  8191 | D:9      | Reached XP level 11. HP: 80/109 MP: 8/10
  8200 | D:9      | Reached skill level 11 in Maces & Flails
  8331 | D:9      | Found a staircase to the Lair.
  8398 | D:9      | Found a bloodstained altar of Trog.
  8664 | D:10     | Entered Level 10 of the Dungeon
  8779 | D:10     | Found Urchim's Assorted Antiques.
  8798 | D:10     | Found an iron altar of Okawaru.
  8806 | D:10     | Noticed a death knight
  8807 | D:10     | Noticed a skeletal warrior
  8972 | D:9      | Killed a skeletal warrior
  9049 | D:10     | Killed a death knight
  9050 | D:10     | Reached skill level 12 in Maces & Flails
  9175 | D:10     | Became a worshipper of Warmaster Okawaru
  9302 | D:10     | Found a radiant altar of Vehumet.
  9897 | D:11     | Found Vaneykog's Magic Scroll Shop.
  9905 | D:11     | Bought a scroll of brand weapon for 280 gold pieces
  9989 | D:11     | Found a large runed translucent door.
  9989 | D:11     | Found a large runed translucent door.
  9997 | D:11     | Found a staircase to the Orcish Mines.
  9999 | D:11     | Reached skill level 1 in Invocations
 10167 | D:11     | Found Gukhoh's Magic Scroll Emporium.
 10209 | D:11     | Reached skill level 1 in Armour
 10238 | D:11     | Reached * piety under Okawaru
 10281 | D:11     | Noticed a death yak
 10301 | D:11     | Killed a death yak
 10302 | D:11     | Reached XP level 12. HP: 58/120 MP: 6/12
 10312 | D:11     | Noticed a death yak
 10342 | D:11     | Killed a death yak
 10349 | D:11     | Reached ** piety under Okawaru
 10350 | D:11     | Reached skill level 10 in Throwing
 10684 | D:11     | Noticed Atlas's ghost (journeyman DsIE)
 11235 | D:12     | Reached *** piety under Okawaru
 11252 | D:12     | Noticed an eight-headed hydra
 11265 | D:12     | HP: 3/120 [poisoned by a green ugly thing]
 11266 | D:11     | Succumbed to a green ugly thing's poison

Illustrated notes

Levels and vault maps discovered:
D:1:      dpeg_arrival_tiny_h, layout_rooms,
          hellmonk_ecumenical_altar_watching_god
D:2:      layout_loops_corners, minmay_misc_feat_more_columns,
          small_statue_intersection
D:3:      layout_basic
D:4:      layout_basic, lemuel_coloured_pillars_altar
D:5:      layout_gridville, enter_ossuary_3, serial_park_tiny_2
D:6:      layout_layer_cave, xom_teletrap_fun, minmay_temple_entry_grid,
          serial_shops, nicolae_shop_window_shopping, nicolae_elemental_shop,
          nrook_mini_backslash, uniq_blork_the_orc, uniq_prince_ribbit1,
          uniq_maggie
D:7:      cheibrodos_steamvent, layout_loops_ring,
          nicolae_uskayaw_murder_on_the_dancefloor, nicolae_ru_awakened_eye,
          kennysheep_generic_room_15
D:8:      layout_rooms, old_standard_altar, serial_shops, nicolae_stop_n_shop_2,
          ebering_ghost_funeral_grove, uniq_pikel
D:9:      layout_rooms, tgw_trog, lemuel_crystal_altar, minmay_lair_entry_grove,
          grunt_decor_clamped, lightli_minifort, uniq_joseph
D:10:     layout_cave_pools, amcnicky_altar_gilded, lemuel_doored_altar,
          serial_shops, nicolae_shop_crystal, nicolae_zen_rock_garden
D:11:     slaughterhouse, layout_basic, david_orc_5,
          ebering_ghost_disaster_area, serial_shops, shop_scrolls, shop,
          hex_medium
D:12:     layout_layer_cave
Temple:   dshaligram_water_room_temple

Skill      XL: |  1  2  3  4  5  6  7  8  9 10 11 12 |
---------------+-------------------------------------+-----
Fighting       | 2 3 4 5 6 7 8 |  8.2
Maces & Flails | 1 2 3 4 5 7 9 10 12 | 12.9
Throwing       | 4 5 6 7 8 9 10 | 10.2
Invocations    | 1 3 |  3.3
Armour         | 1 2 |  2.9
Dodging        | |  1.5
Stealth        | |  0.3

Action                   |  1- 3 |  4- 6 |  7- 9 | 10-12 || total
-------------------------+-------+-------+-------+-------++-------
Melee: Short sword       |     8 |       |       |       ||     8
       Club              |   114 |   105 |       |       ||   219
       Flail             |       |   118 |       |       ||   118
       Giant club        |       |     3 |   276 |   471 ||   750
Throw: Large rock        |     2 |       |    11 |    50 ||    63
       Throwing net      |     1 |       |     1 |       ||     2
       Stone             |       |    90 |    37 |       ||   127
       Javelin           |       |       |       |     6 ||     6
Evoke: Wand              |       |       |     4 |     7 ||    11
  Use: Scroll            |       |     9 |    11 |     4 ||    24
       Potion            |       |       |     5 |     1 ||     6
 Stab: Sleeping          |     1 |     1 |       |       ||     2
       Held in net/web   |       |       |     1 |       ||     1
Armor: Robe              |    58 |    90 |    82 |       ||   230
       Skin              |       |       |     2 |       ||     2
       Acid dragon scale |       |       |    61 |   217 ||   278
Dodge: Dodged            |   101 |   146 |   140 |   246 ||   633

Table legend: (Time is in decaauts)
 A = Elapsed time spent in this place.
 B = Non-inter-level travel time spent in this place.
 C = Inter-level travel time spent in this place.
 D = Time resting spent in this place.
 E = Time spent auto-exploring this place.
 F = Levels seen in this place.
 G = Mean time per level.
                   A        B        C        D        E       F      G
               +--------+--------+--------+--------+--------+-----+--------+
         Total |  11500 |  11130 |    370 |    741 |   7345 |  14 |  821.4 |
       Dungeon |  11014 |  10668 |    346 |    662 |   7131 |  12 |  917.8 |
        Temple |    132 |    109 |     23 |      0 |    109 |   1 |  132.0 |
       Ossuary |    353 |    353 |      0 |     79 |    105 |   1 |  353.0 |
               +--------+--------+--------+--------+--------+-----+--------+

Top non-repeatable levels by time:
    D:11: 1574 daAuts
     D:6: 1407 daAuts
     D:7: 1143 daAuts
     D:2: 1081 daAuts
     D:3: 1068 daAuts
     D:9: 1015 daAuts
     D:4: 923 daAuts
    D:10: 824 daAuts
     D:8: 767 daAuts
     D:5: 705 daAuts
     D:1: 453 daAuts
 Ossuary: 353 daAuts
  Temple: 132 daAuts
    D:12: 50 daAuts
